 Dungeon Crawl Stone Soup version 0.27-a0-998-g4cfe56dd59 (webtiles) character file.

Game seed: 4322451806333335497

504 harryhousin the Chopper (level 7, -2/56 HPs)
             Began as a Gnoll Wanderer on Apr 16, 2021.
             Slain by an ice beast (8 damage)
             ... on level 5 of the Dungeon.
             The game lasted 00:16:50 (4740 turns).

harryhousin the Chopper (Gnoll Wanderer)            Turns: 4740, Time: 00:16:51

Health: -2/56      AC: 14    Str: 14    XL:     7   Next: 17%
Magic:  0/10       EV:  4    Int: 12    God:
Gold:   114        SH:  0    Dex: 10    Spells: 10/10 levels left

rFire    . . .     SeeInvis .   d - +0 hand axe
rCold    . . .     Faith    .   (no shield)
rNeg     . . .     Spirit   +   e - +0 plate armour
rPois    .         Reflect  .   c - +0 helmet
rElec    .         Harm     .   (no cloak)
rCorr    .         Rampage  .   (no gloves)
Will     .....                  k - +0 pair of boots
Stlth    ..........             g - amulet of guardian spirit
HPRegen  0.18/turn              p - ring of wizardry
MPRegen  0.12/turn              (no ring)

@: no status effects
A: fangs 1, strong nose, distributed training
a: no special abilities


You were on level 5 of the Dungeon.
You visited 1 branch of the dungeon, and saw 5 of its levels.

You collected 114 gold pieces.

Inventory:

Hand Weapons
 a - a +2 hand crossbow
 d - a +0 hand axe (weapon)
Missiles
 b - 119 bolts
Armour
 c - a +0 helmet (worn)
 e - a +0 plate armour (worn)
 k - a +0 pair of boots (worn)
Jewellery
 g - an amulet of guardian spirit (around neck)
 p - a ring of wizardry (left hand)
 q - an amulet of magic regeneration
Wands
 l - a wand of polymorph (11)
Scrolls
 h - a scroll of fear
 i - a scroll of fog {unknown}
 j - a scroll of summoning
 n - a scroll of amnesia {unknown}
 t - a scroll of vulnerability {unknown}
 u - a scroll of teleportation {unknown}
Potions
 f - a potion of lignification {unknown}
 m - 3 potions of curing
 o - 2 potions of brilliance
 s - a potion of haste {unknown}


   Skills:
 + Level 5.1 Fighting
 + Level 2.3 Short Blades
 + Level 2.3 Long Blades
 + Level 7.0 Axes
 + Level 2.3 Maces & Flails
 + Level 2.3 Polearms
 + Level 2.3 Staves
 + Level 2.3 Slings
 + Level 2.3 Bows
 + Level 3.5 Crossbows
 + Level 3.5 Throwing
 + Level 5.1 Armour
 + Level 2.3 Dodging
 + Level 2.3 Stealth
 + Level 3.5 Shields
 + Level 2.3 Unarmed Combat
 + Level 2.3 Spellcasting
 + Level 1.9 Conjurations
 + Level 1.9 Hexes
 + Level 1.9 Summonings
 + Level 1.9 Necromancy
 + Level 1.9 Translocations
 + Level 1.9 Transmutations
 + Level 1.9 Fire Magic
 + Level 1.9 Ice Magic
 + Level 1.9 Air Magic
 + Level 1.9 Earth Magic
 + Level 1.9 Poison Magic
 + Level 2.5 Invocations
 + Level 2.3 Evocations


You had 10 spell levels left.
You didn't know any spells.
Your spell library contained the following spells:

 Spells                   Type           Power      Damage    Failure   Level
 Animate Skeleton         Necr           12%        N/A       97%         1
 Apportation              Tloc           12%        N/A       97%         1
 Beastly Appendage        Tmut           12%        N/A       97%         1
 Corona                   Hex            6%         N/A       97%         1
 Summon Small Mammal      Summ           24%        N/A       97%         1
 Wereblood                Tmut           6%         N/A       99%         2
 Spider Form              Tmut/Pois      3%         N/A       100%        3
 Ice Form                 Ice/Tmut       6%         N/A       100%        4
 Hydra Form               Tmut           3%         N/A       100%        5


Dungeon Overview and Level Annotations

Branches:
Dungeon (5/15)
 Temple: D:4-7

Altars:
Kikubaaqudgha
Yredelemnul


Innate Abilities, Weirdness & Mutations

You have very sharp teeth.
Your uncanny sense of smell can sniff out nearby items.
Your experience applies equally to all skills.


Message History

The iguana is moderately wounded.
The iguana bites you but does no damage.
Your plate armour prevents you from hitting the iguana.
The iguana is moderately wounded.
You hit the ice beast but do no damage.
The ice beast hits you but does no damage.
The iguana bites you!
You barely miss the iguana. You bite the iguana, but do no damage.
The iguana is moderately wounded.
You hit the ice beast but do no damage.
The ice beast hits you but does no damage.
The iguana bites you.
You closely miss the iguana. You bite the iguana, but do no damage.
The iguana is moderately wounded.
You hit the ice beast but do no damage.
The iguana bites you but does no damage.
The ice beast hits you but does no damage.
You hit the iguana.
The iguana is heavily wounded.
You hit the ice beast but do no damage. The ice beast hits you.
The ice beast freezes you!
The iguana bites you but does no damage.
You barely miss the iguana. You bite the iguana, but do no damage.
The iguana is heavily wounded.
You hit the ice beast. The iguana bites you!
The ice beast hits you but does no damage.
You hit the iguana. You punch the iguana, but do no damage.
The iguana is almost dead.
You hit the ice beast. You hit the iguana.
The iguana is almost dead.
You miss the phantom. You hit the ice beast but do no damage.
The iguana bites you but does no damage.
The ice beast hits you. The ice beast freezes you!
* * * LOW HITPOINT WARNING * * *
The phantom hits you but does no damage.
The iguana bites you.
* * * LOW HITPOINT WARNING * * *
The ice beast hits you. The ice beast freezes you!
You die...

∆ # ..# ..# #. ...#
#.Z ### #.#
...###... ...$
#..## ....... .....
#...###"..###......
......#####@..#
########.....WYl###
##.............###
<#.######......#
.†...# ##.###.....
.....# #.# #......
.....# ..# #......#
.....# ####
#.....$# .....#
.......#


You could see a phantom, an ice beast and an iguana.

Vanquished Creatures
  A black bear (D:4)
  A necrophage (D:5)
  An ogre (D:4)
  A jelly (D:4)
  An iguana (D:2)
  A hound skeleton (D:4)
  3 gnolls (D:4)
  4 adders
  An adder skeleton (D:2)
  A worm (D:3)
  4 dart slugs
  7 orcs
  9 ball pythons
  5 bats
  5 endoplasms
  2 giant cockroaches
  8 goblins
  7 hobgoblins
  6 jackals
  6 quokkas
  4 frilled lizards
  A jackal skeleton (D:4)
  16 kobolds
  5 rats
100 creatures vanquished.

Vanquished Creatures (others)
  A plant (D:1)
1 creature vanquished.

Grand Total: 101 creatures vanquished

Notes
Turn   | Place    | Note
-------+----------+-------------------------------------------
     0 | D:1      | harryhousin the Gnoll Wanderer began the quest for the Orb.
     0 | D:1      | harryhousin set off with the following items: a +2 hand
                  | crossbow, 20 bolts, a +0 ring mail, a +0 hand axe
     0 | D:1      | Reached XP level 1. HP: 20/20 MP: 1/1
    61 | D:1      | Reached XP level 2. HP: 21/26 MP: 2/2
   318 | D:1      | Reached XP level 3. HP: 25/31 MP: 3/3
  1357 | D:2      | Reached skill level 1 in Invocations
  1366 | D:2      | Found an ancient bone altar of Kikubaaqudgha.
  1523 | D:2      | Reached skill level 1 in Short Blades
  1523 | D:2      | Reached skill level 1 in Long Blades
  1523 | D:2      | Reached skill level 1 in Maces & Flails
  1523 | D:2      | Reached skill level 1 in Polearms
  1523 | D:2      | Reached skill level 1 in Staves
  1523 | D:2      | Reached skill level 1 in Slings
  1523 | D:2      | Reached skill level 1 in Bows
  1523 | D:2      | Reached skill level 1 in Dodging
  1523 | D:2      | Reached skill level 1 in Stealth
  1523 | D:2      | Reached skill level 1 in Unarmed Combat
  1523 | D:2      | Reached skill level 1 in Spellcasting
  1523 | D:2      | Reached skill level 1 in Evocations
  1768 | D:2      | Reached XP level 4. HP: 38/38 MP: 5/5
  2138 | D:3      | Reached skill level 1 in Conjurations
  2138 | D:3      | Reached skill level 1 in Hexes
  2138 | D:3      | Reached skill level 1 in Summonings
  2138 | D:3      | Reached skill level 1 in Necromancy
  2138 | D:3      | Reached skill level 1 in Translocations
  2138 | D:3      | Reached skill level 1 in Transmutations
  2138 | D:3      | Reached skill level 1 in Fire Magic
  2138 | D:3      | Reached skill level 1 in Ice Magic
  2138 | D:3      | Reached skill level 1 in Air Magic
  2138 | D:3      | Reached skill level 1 in Earth Magic
  2138 | D:3      | Reached skill level 1 in Poison Magic
  2544 | D:3      | Reached XP level 5. HP: 35/43 MP: 4/6
  3337 | D:4      | Found a basalt altar of Yredelemnul.
  3506 | D:4      | Noticed an ogre
  3515 | D:4      | Killed an ogre
  3516 | D:4      | Reached XP level 6. HP: 25/50 MP: 4/8
  3957 | D:4      | Noticed a black bear
  3976 | D:4      | Killed a black bear
  3977 | D:4      | Reached skill level 5 in Fighting
  3977 | D:4      | Reached skill level 5 in Armour
  4376 | D:5      | Entered Level 5 of the Dungeon
  4654 | D:5      | Noticed a necrophage
  4672 | D:5      | Killed a necrophage
  4673 | D:5      | Reached skill level 7 in Axes
  4673 | D:5      | Reached XP level 7. HP: 45/56 MP: 10/10
  4740 | D:5      | Slain by an ice beast

Illustrated notes

Levels and vault maps discovered:
D:1:      lightli_arrival_boilingwater, layout_loops_ring, serial_bayou,
          serial_bayou_shore_b, serial_bayou_pond_b, serial_bayou_pond_c,
          serial_bayou_shore_b, serial_bayou_crossing
D:2:      layout_loops_ring, basic_altar, bh_walls_and_bars
D:3:      layout_basic, st_stairs_5
D:4:      layout_basic, lemuel_tele_altar
D:5:      layout_basic, gammafunk_ghost_icy, kennysheep_generic_room_5,
          uniq_pikel

Skill      XL: |  1  2  3  4  5  6 |
---------------+-------------------+-----
Invocations    | 1 2 |  2.5
Short Blades   | 1 2 |  2.3
Long Blades    | 1 2 |  2.3
Maces & Flails | 1 2 |  2.3
Polearms       | 1 2 |  2.3
Staves         | 1 2 |  2.3
Slings         | 1 2 |  2.3
Bows           | 1 2 |  2.3
Dodging        | 1 2 |  2.3
Stealth        | 1 2 |  2.3
Unarmed Combat | 1 2 |  2.3
Spellcasting   | 1 2 |  2.3
Evocations     | 1 2 |  2.3
Conjurations   | 1 |  1.9
Hexes          | 1 |  1.9
Summonings     | 1 |  1.9
Necromancy     | 1 |  1.9
Translocations | 1 |  1.9
Transmutations | 1 |  1.9
Fire Magic     | 1 |  1.9
Ice Magic      | 1 |  1.9
Air Magic      | 1 |  1.9
Earth Magic    | 1 |  1.9
Poison Magic   | 1 |  1.9
Crossbows      | 3 |  3.5
Throwing       | 3 |  3.5
Shields        | 3 |  3.5
Fighting       | 5 |  5.1
Armour         | 5 |  5.1
Axes           | 7 |  7.0

Action                   |  1- 3 |  4- 6 |  7- 9 || total
-------------------------+-------+-------+-------++-------
Melee: Hand axe          |   130 |   249 |    16 ||   395
       Bite              |     6 |    17 |     3 ||    26
       Punch             |       |       |     2 ||     2
 Fire: Hand crossbow     |       |    29 |       ||    29
  Use: Scroll            |       |     4 |       ||     4
Armor: Ring mail         |    10 |       |       ||    10
       Plate armour      |    91 |   192 |    13 ||   296
Dodge: Dodged            |    35 |    50 |     1 ||    86

Table legend: (Time is in decaauts)
 A = Elapsed time spent in this place.
 B = Non-inter-level travel time spent in this place.
 C = Inter-level travel time spent in this place.
 D = Time resting spent in this place.
 E = Time spent auto-exploring this place.
 F = Levels seen in this place.
 G = Mean time per level.
                   A        B        C        D        E       F      G
               +--------+--------+--------+--------+--------+-----+--------+
         Total |   4759 |   4659 |    100 |    669 |   2810 |   5 |  951.8 |
       Dungeon |   4759 |   4659 |    100 |    669 |   2810 |   5 |  951.8 |
               +--------+--------+--------+--------+--------+-----+--------+

Top non-repeatable levels by time:
     D:4: 1591 daAuts
     D:1: 1282 daAuts
     D:3: 953 daAuts
     D:2: 834 daAuts
     D:5: 96 daAuts
